 Dungeon Crawl Stone Soup version 0.25.1-2-g60ff931df9 (webtiles) character file.

Game seed: 882245621569090742

26631 Cadaver the Stickfighter (level 13, -1/183 HPs)
             Began as a Minotaur Gladiator on Nov 1, 2020.
             Was an Elder of Okawaru.
             Slain by a minotaur
             ... wielding the +8 frozen axe "Frostbite" {freezing cloud, *Noise +Fly rC+}
              (3 damage)
             ... in a Gauntlet on Nov 13, 2020.
             The game lasted 01:18:27 (19025 turns).

Cadaver the Stickfighter (Minotaur Gladiator)      Turns: 19025, Time: 01:18:27

Health: -1/183     AC: 26    Str: 20    XL:     13   Next: 0%
Magic:  14/15      EV:  2    Int:  6    God:    Okawaru [****..]
Gold:   847        SH:  5    Dex: 21    Spells: 8/12 levels left

rFire    . . .     SeeInvis .   c - +0 quarterstaff (freeze)
rCold    . . .     Gourm    .   (shield currently unavailable)
rNeg     + + +     Faith    .   (armour currently unavailable)
rPois    +         Spirit   .   (helmet currently unavailable)
rElec    .         Reflect  +   (cloak currently unavailable)
rCorr    .         Harm     .   (gloves currently unavailable)
MR       .....     NoTele   +   (boots currently unavailable)
Stlth    ++++......             V - amulet of reflection
HPRegen  0.40/turn              b - +6 ring of dexterity
MPRegen  0.14/turn              X - ring of Zeacsa {Slay+4 Stlth+}

@: tree-form, heroism
A: (retaliatory headbutt)
a: Heroism, Renounce Religion


You were in a Gauntlet.
You worshipped Okawaru.
Okawaru was greatly pleased with you.
You were not hungry.
You were a tree.
You visited 3 branches of the dungeon, and saw 15 of its levels.
You also visited: Sewer and Gauntlet.

You collected 924 gold pieces.
You spent 77 gold pieces at shops.

Inventory:

Hand Weapons
 c - a +0 quarterstaff of freezing (weapon)
 j - a +4 hand crossbow of freezing
Missiles
 d - 3 throwing nets
 R - 9 silver javelins
 W - 18 boomerangs (quivered)
Armour
 a - +0 acid dragon scales
 o - a scarf of invisibility
 v - a +0 cloak (melded)
 w - a +0 pair of gloves (melded)
 x - a +10 plate armour of ponderousness (melded)
 N - a +2 hat (melded)
 U - a +1 pair of boots of stealth (melded)
 Z - a +1 kite shield of protection
Jewellery
 b - a +6 ring of dexterity (left branch)
 q - an uncursed ring of poison resistance
 y - a +4 ring of protection
 z - an uncursed ring of see invisible
 I - an uncursed ring of ice
 Q - an uncursed ring of protection from fire
 S - a +6 ring of dexterity
 V - an amulet of reflection (around neck)
 X - the ring of Zeacsa (right branch) {Slay+4 Stlth+}
   (You found it on level 2 of the Lair of Beasts)

   [ring of slaying]

   It affects your accuracy and damage with ranged weapons and melee attacks
   (+4).
   It makes you more stealthy.
Wands
 g - a wand of paralysis (6)
 B - a wand of enslavement (2)
 E - a wand of flame (37)
Scrolls
 e - a scroll of immolation {unknown}
 n - 2 scrolls of noise {unknown}
 r - 7 scrolls of teleportation
 s - 2 scrolls of enchant armour {unknown}
 A - 2 scrolls of blinking {unknown}
 C - 3 scrolls of fog {unknown}
 F - 10 scrolls of remove curse
 G - a scroll of magic mapping
 M - 3 scrolls of enchant weapon {unknown}
 Y - 2 scrolls of amnesia {unknown}
Potions
 h - 3 potions of resistance
 i - 3 potions of curing
 k - a potion of brilliance
 l - 6 potions of haste
 m - a potion of mutation {unknown}
 p - a potion of ambrosia
 t - 3 potions of flight
 u - 2 potions of magic {unknown}
 D - a potion of might
 L - 2 potions of lignification
 O - a potion of heal wounds {unknown}
Comestibles
 f - 16 rations


   Skills:
 + Level 13.0(18.0) Fighting
 + Level 16.1(21.1) Staves
 - Level 2.0(7.0) Throwing
 + Level 13.1(18.1) Armour
 - Level 3.2(8.2) Dodging
 + Level 4.7(9.7) Shields
 + Level 5.1 Invocations
 + Level 1.1 Evocations


You had 8 spell levels left.
You knew the following spells:

 Your Spells              Type           Power        Failure   Level  Hunger
a - Stone Arrow           Conj/Erth      #.....       83%         3    ####...
b - Apportation           Tloc           #.....       45%         1    ##.....

Your spell library contained the following spells:

 Spells                   Type           Power        Failure   Level  Hunger
 Animate Skeleton         Necr           N/A          45%         1    ##.....
 Corona                   Hex            #......      45%         1    ##.....
 Sandblast                Erth           #.....       45%         1    ##.....
 Summon Small Mammal      Summ           #...         45%         1    ##.....
 Passwall                 Tmut/Erth      #.......     58%         2    ###....
 Petrify                  Tmut/Erth      #.......     99%         4    #####..
 Irradiate                Conj/Tmut      #.........   100%        5    ######.
 Lee's Rapid Deconstruct  Erth           #.........   100%        5    ######.
 Hydra Form               Tmut           #.........   100%        6    #######
 Statue Form              Tmut/Erth      #........    100%        6    #######
 Dragon Form              Tmut           #.........   100%        7    #######


Dungeon Overview and Level Annotations

Branches:
Dungeon (11/15)            Temple (1/1) D:4            Lair (3/6) D:11
 Spider (0/4) Lair:3          Orc (0/2) D:11          Sewer (visited)
Gauntlet (1/1)
  Swamp: Lair:2-4    Shoals: Lair:2-4

Altars:
Ashenzari
Cheibriados
Dithmenos
Elyvilon
Fedhas
Gozag
Hepliaklqana
Kikubaaqudgha
Makhleb
Nemelex Xobeh
Okawaru
Qazlal
Ru
Sif Muna
Trog
Uskayaw
Vehumet
Wu Jian
Xom
Yredelemnul
Zin
The Shining One

Shops:
D:4 *(

Annotations:
D:11 Urug Gauntlet 8 transporters, 3 runed translucent doors, exclusion: 2 lightning spires


Innate Abilities, Weirdness & Mutations

((You reflexively headbutt those who attack you in melee.))
((You have a pair of horns on your head.))


Message History

You are engulfed in freezing vapours.
* * * LOW HITPOINT WARNING * * *
You completely miss the minotaur.
The minotaur furiously retaliates!
The minotaur headbutts you, but does no damage.
The minotaur is moderately wounded.
You are engulfed in freezing vapours.
* * * LOW HITPOINT WARNING * * *
You block the minotaur's attack.
The minotaur gores you but does no damage.
You feel better.
You are engulfed in freezing vapours.
* * * LOW HITPOINT WARNING * * *
Unknown command.
You barely miss the minotaur.
The minotaur is moderately wounded.
You are engulfed in freezing vapours.
* * * LOW HITPOINT WARNING * * *
The minotaur hits you with the +8 frozen axe "Frostbite" {freezing cloud, *Noise +Fly rC+}!!
* * * LOW HITPOINT WARNING * * *
The minotaur freezes you.
You die...

.##8 ..#.# #########
..#h. #....##.## ..###
#.##.##..##.....
#.##......#..###
###.##.##...#..### #H
#.#....##.©.#8.#".
#≈≈.#♣#.##.##...#..#[.
#≈∩.H.'.##....©.#∩.#©#
#≈≈.#.#(##.##...#..#s#
#≈≈≈#.#....##.©.#8.#s#
### ###.##.##...#..##.
#.##......#..###
#.##.##..##.....
#....##.###§.###
##########≈§.#..


You could see a minotaur.

Vanquished Creatures
  Gastronok (Lair:1)
  Snorg (D:11)
  2 hydras
  Harold (D:8)
  2 two-headed ogres
  A hell hog (Gauntlet)
  A tengu warrior (D:11)
  Nergalle (Lair:3)
  Pikel (D:6)
  A necromancer (Gauntlet)
  An oklob plant (Gauntlet)
  An ugly thing (D:11)
  A torpor snail (Lair:2)
  7 spiny frogs
  2 centaur zombies (D:11)
  A komodo dragon (Lair:1)
  Grinder (D:5)
  3 dream sheep (Lair:2)
  3 blink frogs (Lair:2)
  6 hippogriffs
  Sigmund (D:6)
  11 yaks
  2 fire bats (Gauntlet)
  4 vampire mosquitoes (D:10)
  3 hungry ghosts
  Grum (D:11)
  2 acid dragons (Gauntlet)
  4 water moccasins
  A hell hound (Gauntlet)
  2 porcupines
  A swamp drake (Lair:2)
  Purgy (D:3)
  3 orc warriors
  4 ice beasts
  2 phantoms (D:8)
  3 sky beasts
  5 ogres
  9 wolves
  7 crocodiles
  4 centaurs
  9 bullfrogs
  4 big kobolds
  A wyvern zombie (D:7)
  3 scorpions
  13 killer bees
  5 wights (D:9)
  2 howler monkeys
  4 crimson imps
  5 jellies
  A quasit (D:5)
  4 bullfrog zombies
  2 hounds
  7 orc priests
  11 orc wizards
  2 bullfrog skeletons
  2 centaur skeletons
  Crazy Yiuf (D:6)
  Natasha (thrice) (D:3)
  Terence (D:2)
  2 iguanas
  12 worker ants
  2 hound skeletons
  Robin (D:3)
  2 worker ant zombies
  8 adders
  3 river rats (Sewer)
  2 shadow imps
  2 oozes (D:1)
  2 adder skeletons
  5 worms
  2 dart slugs
  3 leopard geckos
  55 orcs
  8 bats
  5 giant cockroaches
  17 goblins
  12 hobgoblins
  9 jackals
  2 quokkas
  7 ball pythons
  6 frilled lizards
  A jackal zombie (D:6)
  28 kobolds
  A quokka skeleton (D:7)
  10 rats
  A fungus (D:6)
396 creatures vanquished.

Vanquished Creatures (others)
  Fannar (D:11)
  3 fungi
  A withered plant (Gauntlet)
5 creatures vanquished.

Grand Total: 401 creatures vanquished

Notes
Turn   | Place    | Note
-------+----------+-------------------------------------------
     0 | D:1      | Cadaver the Minotaur Gladiator began the quest for the Orb.
     0 | D:1      | Reached XP level 1. HP: 18/18 MP: 0/0
   100 | D:1      | Reached skill level 4 in Staves
   126 | D:1      | Reached XP level 2. HP: 21/25 MP: 1/1
   401 | D:1      | Reached skill level 5 in Staves
   401 | D:1      | Reached XP level 3. HP: 19/30 MP: 2/2
  1628 | D:2      | Reached skill level 1 in Armour
  2153 | D:2      | Reached XP level 4. HP: 37/37 MP: 3/3
  2341 | D:3      | Noticed Robin
  2347 | D:3      | Noticed Natasha
  2586 | D:3      | Noticed Terence
  2784 | D:2      | Killed Terence
  3086 | D:3      | Reached skill level 6 in Staves
  3086 | D:3      | Reached XP level 5. HP: 35/45 MP: 4/4
  3279 | D:3      | Killed Natasha
  3295 | D:3      | Noticed Purgy
  3302 | D:3      | Killed Purgy
  3302 | D:3      | Reached XP level 6. HP: 42/51 MP: 5/5
  3341 | D:3      | Noticed Natasha
  3350 | D:3      | Killed Natasha
  3380 | D:3      | Reached skill level 7 in Staves
  3791 | D:3      | Killed Robin
  3835 | D:3      | Noticed Natasha
  3840 | D:3      | Killed Natasha
  4282 | D:4      | Found a staircase to the Ecumenical Temple.
  4288 | Temple   | Entered the Ecumenical Temple
  4309 | Temple   | Became a worshipper of Warmaster Okawaru
  4582 | D:4      | Found Jeyz's Antique Weapon Shop.
  4624 | D:4      | Found Zoyzaops's Assorted Antiques.
  4658 | D:4      | Bought a scroll of magic mapping for 77 gold pieces
  4741 | D:4      | Found a hazy altar of Hepliaklqana.
  4919 | D:4      | Reached XP level 7. HP: 59/59 MP: 6/6
  5023 | D:5      | Entered Level 5 of the Dungeon
  5177 | D:5      | Reached skill level 8 in Staves
  5331 | D:5      | Reached skill level 5 in Armour
  5687 | D:5      | Got a fine dagger
  5771 | D:5      | Reached * piety under Okawaru
  5836 | D:5      | Reached skill level 9 in Staves
  5855 | D:5      | Noticed Grinder
  5863 | D:5      | Killed Grinder
  5863 | D:5      | Reached skill level 5 in Fighting
  5863 | D:5      | Reached XP level 8. HP: 68/68 MP: 5/7
  6042 | D:6      | Found a glowing drain.
  6072 | Sewer    | Entered a sewer
  6498 | D:6      | Noticed Sigmund
  6511 | D:6      | Reached skill level 10 in Staves
  6520 | D:6      | Killed Sigmund
  6520 | D:6      | Reached ** piety under Okawaru
  6743 | D:6      | Reached skill level 11 in Staves
  7183 | D:7      | Noticed a hippogriff
  7201 | D:7      | Reached XP level 9. HP: 48/78 MP: 5/8
  7460 | D:7      | Reached skill level 1 in Invocations
  7906 | D:7      | Reached *** piety under Okawaru
  8251 | D:7      | Reached skill level 12 in Staves
  8786 | D:6      | Found a runed translucent door.
  8787 | D:6      | Noticed Crazy Yiuf
  8795 | D:6      | Killed Crazy Yiuf
  8836 | D:6      | Noticed Pikel
  8846 | D:6      | Killed Pikel
  9155 | D:8      | Noticed Harold
  9171 | D:8      | Noticed a two-headed ogre
  9429 | D:7      | Killed a two-headed ogre
  9429 | D:7      | Reached **** piety under Okawaru
  9429 | D:7      | Received a gift from Okawaru
  9429 | D:7      | Reached XP level 10. HP: 68/88 MP: 10/10
  9669 | D:8      | Reached skill level 13 in Staves
 10069 | D:8      | Paralysed by Harold for 3 turns
 10077 | D:8      | Killed Harold
 10630 | D:9      | Reached skill level 10 in Armour
 11419 | D:9      | Reached skill level 14 in Staves
 11554 | D:10     | Entered Level 10 of the Dungeon
 11721 | D:10     | Reached XP level 11. HP: 97/97 MP: 9/12
 11818 | D:10     | Learned a level 3 spell: Stone Arrow
 11947 | D:10     | Noticed a two-headed ogre
 11973 | D:10     | Killed a two-headed ogre
 11973 | D:10     | Reached ***** piety under Okawaru
 11973 | D:10     | Received a gift from Okawaru
 11988 | D:10     | Reached skill level 10 in Fighting
 12678 | D:11     | Noticed an eight-headed hydra
 12688 | D:11     | Killed an eight-headed hydra
 12688 | D:11     | Received a gift from Okawaru
 12688 | D:11     | Reached skill level 1 in Shields
 13402 | D:11     | Noticed Snorg
 13420 | D:11     | Killed Snorg
 13932 | D:11     | Found a staircase to the Orcish Mines.
 13969 | D:11     | Noticed Fannar
 14084 | D:11     | Noticed a brown ugly thing
 14285 | D:10     | Reached skill level 15 in Staves
 14357 | D:11     | Killed Fannar
 14671 | D:11     | Noticed a tengu warrior
 14692 | D:11     | Killed a tengu warrior
 14859 | D:11     | Noticed Urug
 14897 | D:11     | Noticed Grum
 14904 | D:11     | Killed Grum
 14904 | D:11     | Reached XP level 12. HP: 70/110 MP: 14/14
 15720 | D:11     | Found a staircase to the Lair.
 15725 | Lair:1   | Entered Level 1 of the Lair of Beasts
 16228 | Lair:1   | Noticed Gastronok
 16239 | Lair:1   | Killed Gastronok
 16277 | Lair:1   | Noticed a four-headed hydra
 16286 | Lair:1   | Killed a four-headed hydra
 16300 | Lair:1   | Learned a level 1 spell: Apportation
 17587 | Lair:2   | Got a glittering wooden ring
 17596 | Lair:2   | Identified the ring of Zeacsa {Slay+4 Stlth+} (You found it
                  | on level 2 of the Lair of Beasts)
 17772 | Lair:2   | Found a glowing golden altar of the Shining One.
 18306 | Lair:3   | Noticed Nergalle
 18321 | Lair:3   | Killed Nergalle
 18321 | Lair:3   | Received a gift from Okawaru
 18321 | Lair:3   | Reached skill level 16 in Staves
 18365 | Lair:3   | Found a gate leading to a gauntlet.
 18375 | Gauntlet | Entered a Gauntlet
 18375 | Gauntlet | Found a transporter.
 18375 | Gauntlet | Found a runed translucent door.
 18375 | Gauntlet | Found a transporter.
 18381 | Gauntlet | Found a transporter.
 18383 | Gauntlet | Found a transporter.
 18395 | Gauntlet | Found a transporter.
 18407 | Gauntlet | Found a large runed translucent door.
 18407 | Gauntlet | Found a large runed translucent door.
 18409 | Gauntlet | Found a transporter.
 18414 | Gauntlet | Reached skill level 5 in Invocations
 18416 | Gauntlet | Reached skill level 1 in Evocations
 18444 | Gauntlet | Found a large runed translucent door.
 18459 | Gauntlet | Found a large runed translucent door.
 18459 | Gauntlet | Found a runed translucent door.
 18463 | Gauntlet | Found a large runed translucent door.
 18463 | Gauntlet | Found a large runed translucent door.
 18463 | Gauntlet | Found a large runed translucent door.
 18463 | Gauntlet | Found a large runed translucent door.
 18466 | Gauntlet | Found a runed translucent door.
 18467 | Gauntlet | Found a large runed translucent door.
 18467 | Gauntlet | Found a large runed translucent door.
 18467 | Gauntlet | Found a large runed translucent door.
 18467 | Gauntlet | Found a large runed translucent door.
 18468 | Gauntlet | Found a large runed translucent door.
 18468 | Gauntlet | Found a large runed translucent door.
 18468 | Gauntlet | Noticed a death ooze
 18469 | Gauntlet | Found a large runed translucent door.
 18613 | Gauntlet | Found a large runed translucent door.
 18616 | Gauntlet | Noticed a death ooze
 18619 | Gauntlet | Found a transporter.
 18621 | Gauntlet | Found a runed translucent door.
 18657 | Gauntlet | Found a runed translucent gate.
 18657 | Gauntlet | Found a runed translucent gate.
 18657 | Gauntlet | Found a runed translucent gate.
 18658 | Gauntlet | Found a transporter.
 18677 | Gauntlet | Found a transporter.
 18806 | Gauntlet | Found a transporter.
 18827 | Gauntlet | Noticed an entropy weaver
 18830 | Gauntlet | Found a transporter.
 18910 | Gauntlet | Noticed a hell hog
 18912 | Gauntlet | Found a transporter.
 18915 | Gauntlet | Killed a hell hog
 18916 | Gauntlet | Reached XP level 13. HP: 116/122 MP: 13/15
 18921 | Gauntlet | Found a transporter.
 18973 | Gauntlet | Found a transporter.
 19012 | Gauntlet | Noticed a minotaur
 19025 | Gauntlet | HP: 2/183 [minotaur/the +8 frozen axe "Frostbite" {freezing
                  | cloud, *Noise +Fly rC+} (21)]
 19025 | Gauntlet | Slain by a minotaur

Illustrated notes

Levels and vault maps discovered:
D:1:      psy_arrival_fountain, layout_rooms, serial_co_window_serial,
          co_window_corner_a, co_window_paths_b, co_window_paths_a,
          co_window_of_opportunity_a, co_window_paths_a, co_window_2corner,
          co_window_2corner, co_window_corner_cb, co_window_paths_c,
          co_window_4corner_b, glass_columns_a, glass_columns_a,
          glass_columns_c, glass_columns_c, glass_columns_a
D:2:      layout_basic, first_ration
D:3:      layout_basic, uniq_natasha, uniq_terence, uniq_robin, uniq_purgy
D:4:      layout_cave_pools, old_standard_altar, minmay_temple_entry_hall,
          serial_shops, shop, shop
D:5:      layout_loops_ring, uniq_grinder
D:6:      layout_loops_ring, cheibrodos_sewer_entry_sluice, minmay_liquid_box,
          fountainhead, uniq_crazy_yiuf_cottage, uniq_sigmund, uniq_pikel
D:7:      layout_cave_pods
D:8:      layout_loops_ring, uniq_harold
D:9:      layout_loops_ring
D:10:     layout_irregular_city
D:11:     layout_basic, lair_entry_dummy, hiddenorc2_lemuel, grunt_tengu_nest,
          minivault_25, uniq_urug, uniq_fannar, uniq_snorg, uniq_grum
Temple:   nicolae_temple_the_god_donut
Lair:1:   layout_loops_ring, uniq_gastronok
Lair:2:   layout_roguey, basic_altar, serial_bayou_shore_a
Lair:3:   lemuel_reptile_caves, layout_chaotic_city, dummy_spider_entry,
          gauntlet_entry_generic, uniq_nergalle
Gauntlet: gammafunk_gauntlet_mixed_choke_point
          [minmay_gauntlet_arena_77_shame_cube,
          minmay_gauntlet_arena_77_two_paths,
          minmay_gauntlet_arena_77_chump_sandwich,
          minmay_gauntlet_arena_make_your_own_arena,
          minmay_gauntlet_arena_77_p_blocks, minmay_gauntlet_arena_77_mess,
          minmay_gauntlet_arena_77_braids, gauntlet_exit_watery]

Skill      XL: |  1  2  3  4  5  6  7  8  9 10 11 12 |
---------------+-------------------------------------+-----
Staves         | 4 5 6 7 9 11 12 14 15 16 | 16.1
Armour         | 1 2 3 4 5 6 9 10 11 13 | 13.1
Fighting       | 3 4 5 6 8 9 11 13 | 13.0
Invocations    | 2 3 4 5 |  5.1
Shields        | 3 4 |  4.7
Evocations     | 1 |  1.1
Throwing       | |  2.0
Dodging        | |  3.2

Action                   |  1- 3 |  4- 6 |  7- 9 | 10-12 | 13-15 || total
-------------------------+-------+-------+-------+-------+-------++-------
Melee: Quarterstaff      |   102 |   132 |   340 |   732 |     8 ||  1314
       Headbutt          |     9 |    18 |    61 |   197 |       ||   285
Throw: Throwing net      |       |     1 |       |     1 |       ||     2
       Stone             |       |       |     4 |       |       ||     4
       Boomerang         |       |       |       |     1 |       ||     1
Invok: Heroism           |       |       |    16 |    37 |     1 ||    54
       Finesse           |       |       |       |     1 |       ||     1
Evoke: Wand              |       |       |     1 |     5 |       ||     6
  Use: Scroll            |       |    10 |     2 |     7 |       ||    19
       Potion            |       |     1 |     3 |     2 |     2 ||     8
 Stab: Invisible         |       |       |     2 |       |       ||     2
       Held in net/web   |       |       |       |     2 |       ||     2
       Distracted        |       |       |       |     1 |       ||     1
  Eat: Chunk             |     4 |     8 |    12 |    26 |       ||    50
       Ration            |       |       |     1 |     2 |     1 ||     4
Armor: Leather armour    |    25 |       |       |       |       ||    25
       Ring mail         |    10 |     5 |       |       |       ||    15
       Scale mail        |       |     8 |       |       |       ||     8
       Chain mail        |       |    44 |    80 |       |       ||   124
       Plate armour      |       |       |    91 |   386 |     1 ||   478
       Skin              |       |       |       |       |     5 ||     5
Dodge: Dodged            |    68 |    66 |   156 |   243 |       ||   533
Block: Other             |       |       |       |    81 |     1 ||    82
       Reflection        |       |       |       |     3 |       ||     3
